 Dungeon Crawl Stone Soup version 0.29-b1-12-g9e2288ab2a (webtiles) character file.

Game seed: 3049860132186870251

429 Zeldest the Insei (level 6, -2/42 HPs)
             Began as an Octopode Transmuter on Aug 23, 2022.
             Slain by Eustachio
             ... wielding a +0 falchion
              (11 damage)
             ... on level 4 of the Dungeon on Aug 24, 2022.
             The game lasted 00:07:04 (1335 turns).

Zeldest the Insei (Octopode Transmuter)             Turns: 1335, Time: 00:07:05

Health: -2/42      AC:  1    Str:  9    XL:     6   Next: 98%
Magic:  8/9        EV: 13    Int: 18    God:
Gold:   60         SH:  0    Dex: 12    Spells: 6/9 levels left

rFire   . . .      SeeInvis .     - Unarmed
rCold   . . .      Faith    .   (no shield)
rNeg    . . .      Spirit   .   (helmet currently unavailable)
rPois   .          Reflect  .   f - amulet of the acrobat
rElec   .          Harm     .   (no ring)
rCorr   .          Rampage  .   (no ring)
Will    .....                   (no ring)
Stlth   ++........              (no ring)
HPRegen 0.14/turn               (no ring)
MPRegen 0.11/turn               (no ring)
                                (no ring)
                                (no ring)

@: mighty, appendages, attractive
A: tentacle spike 3, almost no armour, amphibious, 8 rings, camouflage 1,
gelatinous body 1, (nimble swimmer 1), tentacles
a: End Transformation


You were on level 4 of the Dungeon.
One of your tentacles had grown a beastly spike.
You visited 1 branch of the dungeon, and saw 4 of its levels.

You collected 60 gold pieces.

Inventory:

Jewellery
 f - an amulet of the acrobat (around mantle)
 n - a ring of fire
Wands
 k - a wand of digging (5)
Scrolls
 a - 3 scrolls of identify {unknown}
 c - 4 scrolls of teleportation {unknown}
 e - a scroll of magic mapping {unknown}
 g - a scroll of vulnerability {unknown}
 j - a scroll of enchant armour {unknown}
 l - 2 scrolls of enchant weapon {unknown}
 p - a scroll of blinking {unknown}
Potions
 d - a potion of invisibility {unknown}
 h - a potion of magic {unknown}
 i - 2 potions of attraction
 m - a potion of haste {unknown}
 o - 2 potions of curing {unknown}
 q - 2 potions of mutation {unknown}
 r - a potion of flight {unknown}


   Skills:
 + Level 3.4 Fighting
 - Level 3.1 Dodging
 + Level 4.6 Unarmed Combat
 - Level 2.0 Spellcasting
 + Level 3.9 Transmutations
 + Level 2.0 Ice Magic


You had 6 spell levels left.
You knew the following spells:

 Your Spells              Type           Power      Damage    Failure   Level
a - Beastly Appendage     Tmut           30%        N/A       3%          1
b - Wereblood             Tmut           15%        N/A       5%          2

Your spell library contained the following spells:

 Spells                   Type           Power      Damage    Failure   Level
 Freeze                   Ice            36%        1d6       8%          1
 Foxfire                  Conj/Fire      4%         2x1d4     19%         1
 Summon Small Mammal      Summ           4%         N/A       19%         1
 Frozen Ramparts          Ice            18%        1d3       24%         3
 Spider Form              Tmut/Pois      8%         N/A       24%         3
 Call Canine Familiar     Summ           1%         N/A       47%         3
 Conjure Flame            Conj/Fire      1%         6-21      47%         3
 Inner Flame              Hex/Fire       1%         N/A       47%         3
 Summon Guardian Golem    Hex/Summ       1%         N/A       47%         3
 Ice Form                 Ice/Tmut       12%        N/A       47%         4
 Hailstorm                Conj/Ice       5%         3d4       75%         4
 Summon Ice Beast         Ice/Summ       5%         N/A       75%         4
 Flame Wave               Conj/Fire      1%         2d4       87%         4


Dungeon Overview and Level Annotations

Branches:
Dungeon (4/15)
 Temple: D:4-7

Altars:

Annotations:
D:4 Eustachio


Innate Abilities, Weirdness & Mutations

One of your tentacles has grown a beastly spike.
You cannot wear most types of armour.
You are amphibious.
You can wear up to eight rings at the same time.
Your skin changes colour to match your surroundings (Stealth+).
Your rubbery body absorbs attacks. (AC +1, EV +1)
((You are camouflaged when in or above water. (Stealth+)))
You have tentacles for arms and can constrict up to eight enemies at once.


Message History

You feel sick.
You are no longer poisoned.
You closely miss the hobgoblin. You grab the hobgoblin.
You pierce the hobgoblin.
The hobgoblin is moderately wounded.
You howl as the wereblood boils in your veins!
You constrict the hobgoblin. The hobgoblin hits you.
* * * LOW HITPOINT WARNING * * *
You tentacle-slap the hobgoblin.
You feel a bit better.
You kill the hobgoblin!
Things that are here:
11 gold pieces; a hobgoblin corpse You now have 60 gold pieces (gained 11).
Your transformation is almost over.
You see here a scroll labelled JOMNIOD PAZOD.
l - 2 scrolls labelled JOMNIOD PAZOD (gained 1)
Your primal bloodlust is almost over.
You hear a shout!
Your tentacle spike disappears.
You see here a fuming black potion.
q - 2 fuming black potions (gained 1) Eustachio the Magnificent comes into view.
He is wielding a +0 falchion.
Eustachio shouts!
Your primal bloodlust has ended.
Okay, then.
It was a potion of attraction.
You feel attractive to monsters.
Eustachio asks, "How can you live without manners, virtues and honour?"
Eustachio barely misses you.
Okay, then.
It was a potion of might.
You feel very mighty all of a sudden.
Eustachio gestures wildly while chanting.
Eustachio blinks!
Eustachio is attracted toward you.
Casting: Wereblood (safe; 5% risk of failure)
Confirm with . or Enter, or press ? or * to list all spells.
One of your tentacles grows a vicious spike.
You closely miss Eustachio. You grab Eustachio. You constrict Eustachio.
Eustachio hits you with a +0 falchion!
You die...

#.# ######..###########..... #.#
#........................ #.#
#.########.#############. #.####
..#.# #..... #....# #.#.#######
#..... #....# #.#.......###.....
###....# #......##..##.....
......###.######.................
####### #.......@.(...###.##.....
########@.....# #..... #...†..#
#.(..†.# #......# #...§..#
#....### #....# #....#


You could see Eustachio.

Vanquished Creatures
  A black bear (D:2)
  A phantom (D:3)
  2 scorpions (D:4)
  A hound (D:4)
  A gnoll (D:1)
  3 adders
  An ufetubus (D:4)
  2 worms (D:2)
  A dart slug (D:2)
  An orc (D:4)
  4 ball pythons
  4 endoplasms
  A giant cockroach (D:1)
  9 goblins
  11 hobgoblins
  5 jackals
  3 quokkas
  4 bats
  3 frilled lizards
  3 kobolds
  5 rats
66 creatures vanquished.

Vanquished Creatures (others)
  2 plants (D:2)
2 creatures vanquished.

Grand Total: 68 creatures vanquished

Notes
Turn   | Place    | Note
-------+----------+-------------------------------------------
     0 | D:1      | Zeldest the Octopode Transmuter began the quest for the
                  | Orb.
     0 | D:1      | Reached XP level 1. HP: 13/13 MP: 3/3
    28 | D:2      | Noticed a black bear
    69 | D:2      | Killed a black bear
    70 | D:2      | Reached XP level 2. HP: 19/19 MP: 5/5
    70 | D:2      | Reached XP level 3. HP: 24/24 MP: 6/6
    70 | D:2      | Reached XP level 4. HP: 29/29 MP: 7/7
   106 | D:2      | Learned a level 2 spell: Wereblood
   227 | D:1      | Reached XP level 5. HP: 19/35 MP: 4/8
   416 | D:1      | Found a faded altar of an unknown god.
   888 | D:3      | Noticed a phantom
   906 | D:3      | Killed a phantom
   907 | D:3      | Reached skill level 4 in Unarmed Combat
   907 | D:3      | Reached skill level 1 in Ice Magic
   907 | D:3      | Reached XP level 6. HP: 16/41 MP: 6/9
  1330 | D:4      | Noticed Eustachio
  1335 | D:4      | Slain by Eustachio

Illustrated notes

Levels and vault maps discovered:
D:1:      saegor_arrival_simple_a, layout_loops_ring,
          hellmonk_ecumenical_altar_heavens_door
D:2:      layout_loops_ring, serial_bayou_pond_c, kennysheep_potato
D:3:      layout_loops_ring, mainiacjoe_overflow_swirl, uniq_crazy_yiuf_cottage
D:4:      layout_basic, nzn_hepliaklqana_mist_gate, uniq_eustachio

Skill      XL: |  1  2  3  4  5  6 |
---------------+-------------------+-----
Fighting       | 2 3 |  3.4
Dodging        | 3 |  3.1
Transmutations | 3 |  3.9
Unarmed Combat | 4 |  4.6
Ice Magic      | 1 2 |  2.0
Spellcasting   | |  2.0

Action                   |  1- 3 |  4- 6 || total
-------------------------+-------+-------++-------
Melee: Unarmed           |     7 |   143 ||   150
       Kick              |       |    40 ||    40
       Constrict         |       |    33 ||    33
       Tentacles         |       |    25 ||    25
       Punch             |       |     5 ||     5
 Cast: Beastly Appendage |       |    24 ||    24
       Wereblood         |       |    17 ||    17
  Use: Potion            |     2 |     3 ||     5
 Stab: Sleeping          |       |     4 ||     4
       Distracted        |       |     1 ||     1
Armor: Skin              |     6 |    10 ||    16
Dodge: Dodged            |     1 |   102 ||   103
